 Adventure DCSS version bcrawl-1.19.2-6-g6a88ae04c9 (webtiles) character file.

Game seed: 9853782615024884101

45816 pasperui the Nimble (level 14, -8/171 HPs)
             Began as a Gnoll Reaver on Jan 3, 2020.
             Was a High Priest of Vehumet.
             Mangled by a cane toad (20 damage)
             ... on level 2 of the Swamp.
             The game lasted 01:49:15 (21354 turns).

pasperui the Nimble (Gnoll Reaver)                 Turns: 21354, Time: 01:49:16

Health: -8/171     AC: 19    Str: 26    XL:     14   Next: 34%
Magic:  38/38      EV: 19    Int: 19    God:    Vehumet [*****.]
Gold:   1191       SH:  4    Dex: 17    Spells: 11/35 levels left
                                        Lives:  0   Deaths: 2

rFire    . . .     SeeInvis .   c - +8 dire flail of Ziry {venom, +Inv}
rCold    + . .     Gourm    .   (shield currently unavailable)
rNeg     . . .     Faith    .   U - +7 ring mail "Cirghoq" {rC- Str+4}
rPois    +         Spirit   .   b - +1 hat
rElec    .         Reflect  .   M - +0 cloak
rCorr    .         Harm     .   W - +0 pair of gloves
MR       +....                  Q - +0 pair of boots
Stlth    ..........             h - amulet of rage
HPRegen  0.38/turn              Z - ring of magical power
MPRegen  0.26/turn              B - ring "Heipotar" {rC+ Dex+2}

@: berserking, very quick
A: distributed training, fangs 1, large bone plates 1, agile 1, cold resistance
1, poison resistance, no potion heal 1, strong nose
a: Renounce Religion, Evoke Berserk Rage, Evoke Invisibility


You were on level 2 of the Swamp.
You worshipped Vehumet.
Vehumet was extremely pleased with you.
You were near starving.

You visited 5 branches of the dungeon, and saw 19 of its levels.
You also visited: Sewer and Gauntlet.

You collected 2092 gold pieces.
You spent 901 gold pieces at shops.

Inventory:

Hand Weapons
 c - the +8 dire flail of Ziry (weapon) {venom, +Inv}
   (You took it off an ogre on level 3 of the Dungeon)

   It poisons the flesh of those it strikes.
   It lets you turn invisible.
 d - a +2 antimagic great sword
 I - a +2 great sword of electrocution
Missiles
 g - 378 javelins (quivered)
 i - 2022 stones
 l - 1228 bolts
 m - 3560 arrows
Armour
 b - a +1 hat (worn)
 F - a +3 plate armour of poison resistance
 M - a +0 cloak (worn)
 Q - a +0 pair of boots (worn)
 U - the +7 ring mail "Cirghoq" (worn) {rC- Str+4}
   (You found it on level 7 of the Dungeon)

   It affects your strength (+4).
   It makes you vulnerable to cold.
 W - a +0 pair of gloves (worn)
Magical Staves
 C - an uncursed staff of fire
 G - an uncursed staff of conjuration
 T - an uncursed staff of wizardry
Jewellery
 h - an amulet of rage (around neck)
 x - an uncursed amulet of regeneration
 B - the ring "Heipotar" (right hand) {rC+ Dex+2}
   (You found it in a Gauntlet)

   [ring of protection from cold]

   It affects your dexterity (+2).
   It protects you from cold.
 E - an uncursed amulet of the gourmand
 N - an uncursed ring of positive energy
 V - a +4 ring of protection
 Z - a ring of magical power (left hand)
Wands
 k - a wand of flame (23)
 n - a wand of disintegration (16)
 v - a wand of scattershot (17)
 H - a wand of iceblast (9)
 K - a wand of enslavement (17)
 X - a wand of paralysis (22)
 Y - a wand of acid (19)
Scrolls
 a - 2 scrolls of enchant weapon
 j - 9 scrolls of remove curse
 q - 10 scrolls of teleportation
 s - 3 scrolls of magic mapping
 t - 5 scrolls of fog
 w - 3 scrolls of enchant armour
 y - 5 scrolls of blinking
 z - 7 scrolls of amnesia
 L - 2 scrolls of fear
 O - a scroll of brand weapon
Potions
 e - a potion of brilliance
 o - a potion of resistance
 p - 3 potions of agility
 r - a potion of mutation
 u - 4 potions of flight
 A - 4 potions of haste
 D - 2 potions of magic
 J - 8 potions of curing
 P - a potion of ambrosia
 R - 2 potions of heal wounds
 S - a potion of might
Comestibles
 f - 18 rations {!d}


   Skills:
 + Level 11.7 Fighting
 + Level 10.0 Short Blades
 + Level 11.7 Long Blades
 + Level 10.0 Axes
 + Level 10.0 Maces & Flails
 + Level 10.0 Polearms
 + Level 10.0 Staves
 + Level 10.0 Slings
 + Level 10.0 Bows
 + Level 10.0 Crossbows
 + Level 10.0 Throwing
 + Level 10.0 Armour
 + Level 11.7 Dodging
 + Level 10.0 Stealth
 + Level 10.0 Shields
 + Level 10.0 Unarmed Combat
 + Level 11.1 Spellcasting
 + Level 8.4 Conjurations
 + Level 8.4 Hexes
 + Level 8.4 Charms
 + Level 8.4 Summonings
 + Level 8.4 Necromancy
 + Level 8.4 Translocations
 + Level 8.4 Transmutations
 + Level 8.4 Fire Magic
 + Level 8.4 Ice Magic
 + Level 8.4 Air Magic
 + Level 8.4 Earth Magic
 + Level 8.4 Poison Magic
 + Level 10.8 Invocations
 + Level 10.0 Evocations


You had 11 spell levels left.
You knew the following spells:

 Your Spells              Type           Power        Failure   Level  Hunger
a - Sandblast             Erth           #####.       1%          1    None
b - Flame Tongue          Conj/Fire      #####        1%          1    None
c - Iron Shot             Conj/Erth      #####.....   12%         6    ######.
d - Regeneration          Chrm/Necr      #####.....   1%          3    None
e - Vampiric Draining     Necr           #####.....   1%          3    None
f - Animate Dead          Necr           N/A          2%          4    ##.....
g - Ice Form              Ice/Tmut       #####...     2%          4    ##.....
h - Swiftness             Chrm/Air       #####...     1%          2    None

Your spell library contained the following spells:

 Spells                   Type           Power        Failure   Level  Hunger
 Conjure Ball Lightning   Conj/Air       #####.....   12%         6    ######.
 Animate Skeleton         Necr           N/A          1%          1    None
 Apportation              Tloc           #####.       1%          1    None
 Beastly Appendage        Tmut           #####.       1%          1    None
 Corona                   Hex            #####..      1%          1    None
 Infusion                 Chrm           #####...     1%          1    None
 Pain                     Necr           #####.       1%          1    None
 Shock                    Conj/Air       #####        1%          1    None
 Slow                     Hex            #####...     1%          1    None
 Sting                    Conj/Pois      ####         1%          1    None
 Summon Butterflies       Summ           #####...     1%          1    None
 Ensorcelled Hibernation  Hex/Ice        #####.       1%          2    None
 Poisonous Vapours        Pois/Air       #####.       1%          2    None
 Song of Slaying          Chrm           #####...     1%          2    None
 Sticks to Snakes         Tmut           #####...     1%          2    None
 Confuse                  Hex            #####...     1%          3    None
 Dazzling Spray           Conj/Hex       #####.       1%          3    None
 Ignite Poison            Fire/Tmut/Pois #####...     1%          3    None
 Ozocubu's Armour         Chrm/Ice       #####...     1%          3    None
 Spectral Weapon          Hex/Chrm       #####...     1%          3    None
 Spider Form              Tmut/Pois      ###          1%          3    None
 Static Discharge         Air            #####...     1%          3    None
 Tukima's Dance           Hex            #####...     1%          3    None
 Airstrike                Air            #####.....   1%          4    ##.....
 Olgreb's Toxic Radiance  Pois           #####...     1%          4    ##.....
 Summon Scorpions         Summ/Pois      #####...     2%          4    ##.....
 Bolt of Draining         Conj/Necr      #####.....   2%          5    ####...
 Iskenderun's Battlesphe  Conj/Chrm      #####...     2%          5    ####...
 Lightning Bolt           Conj/Air       #####.....   2%          5    ####...
 Venom Bolt               Conj/Pois      #####.....   2%          5    ####...
 Blade Hands              Tmut           #####.....   8%          5    ####...
 Poison Arrow             Conj/Pois      #####.....   12%         6    ######.
 Orb of Destruction       Conj           #####.....   52%         7    #######
 Spellforged Servitor     Conj/Summ      #####.....   52%         7    #######


Dungeon Overview and Level Annotations

Branches:
Dungeon (12/12)            Temple (0/1) D:4            Lair (3/6) D:8
  Swamp (2/3) Lair:2       Spider (1/3) Lair:3          Orc (1/1) D:10
    Elf (0/3) Orc          Vaults (0/3) D:11         Depths (0/5) D:12

Altars:
Dithmenos
Fedhas
Lugonu
Qazlal
Ru
Vehumet
Yredelemnul

Shops:
D:4 ?   D:5 (   D:10 (:?=   D:12 *   Orc }:?!


Innate Abilities, Weirdness & Mutations

Your experience applies equally to all skills.
You have very sharp teeth.
Your uncanny sense of smell can sniff out nearby items.
You are partially covered in large bone plates. (SH +4)
You are agile. (Dex +2)
Your flesh is cold resistant. (rC+)
Your system is resistant to poisons. (rPois)
Potions are less effective at restoring your health.


Message History

The komodo dragon completely misses you.
You feel a strong urge to attack something.
The cane toad hits you but does no damage.
The komodo dragon completely misses you.
You see here a hydra corpse.
You sock the komodo dragon!
The komodo dragon is poisoned.
The komodo dragon is moderately wounded.
The cane toad completely misses you.
You thump the komodo dragon!
The komodo dragon looks more poisoned.
The komodo dragon is severely wounded.
The komodo dragon bites you!!
* * * LOW HITPOINT WARNING * * *
You barely miss the komodo dragon.
The komodo dragon is severely wounded.
The cane toad completely misses you.
You barely miss the cane toad. Your bite misses the cane toad.
The komodo dragon bites you!
* * * LOW HITPOINT WARNING * * *
The cane toad hits you!!
You die...

≈.≈....≈≈≈..♣
....≈≈≈n....♣....≈
♣♣.§.≈≈≈.....§≈≈..♣♣♣
..≈≈t≈≈≈..≈≈.≈≈≈....♣♣♣♣
≈J.♣.≈≈≈.≈.≈.≈≈≈≈..≈.≈≈♣
≈≈.≈[§≈.♣ .≈.≈≈≈....≈.≈
≈≈≈l..≈♣ ♣♣♣♣.....≈≈♣≈.♣
≈≈≈....♣♣♣...§≈≈.......♣♣
...(.≈≈☼.≈≈..≈≈l@.≈≈..≈≈♣
.♣♣♣≈.≈☼.≈≈≈≈≈≈F..)..≈..♣
♣♣♣.☼.≈≈§.≈§........♣
♣≈.○≈≈≈≈..).≈≈....♣♣♣
♣♣≈≈≈≈≈.....≈≈≈≈≈≈≈.♣
♣≈.≈...≈♣..♣.≈≈≈≈≈≈.♣
♣≈.≈≈..♣♣♣♣♣♣..≈≈≈≈..♣
♣♣.≈..♣♣ ♣.≈≈..≈≈≈≈≈≈♣♣
♣≈^.≈. ♣♣≈≈≈..≈≈≈≈≈≈≈♣


You could see a komodo dragon and a cane toad.

Vanquished Creatures
  Gastronok (Lair:1)
  An orc warlord (D:10)
  A minotaur (Gauntlet)
  A death ooze (Gauntlet)
  6 hydras
  A rakshasa (D:10)
  A ghost crab (Swamp:2)
  A vault guard (D:11)
  A death knight (D:11)
  4 alligators
  2 centaur warriors
  5 death yaks
  4 tengu warriors
  A two-headed ogre (D:12)
  3 orc high priests (Orc)
  A vampire mage (D:12)
  Urug (Lair:3)
  A deep elf knight (D:12)
  Sonja (Lair:1)
  2 skeletal warriors (D:12)
  2 swamp dragons (Swamp:1)
  A wolf spider zombie (D:11)
  Pikel (D:7)
  5 orc knights
  4 necromancers
  A wolf spider (Lair:3)
  6 orc sorcerers
  A deep elf mage (D:11)
  3 manticores
  7 elephants
  A frost giant skeleton (D:12)
  5 cane toads
  A moth of wrath (Gauntlet)
  2 black mambas (Lair:3)
  A centaur zombie (D:11)
  A gargoyle (D:10)
  A yaktaur (D:10)
  2 komodo dragons
  2 ice devils (D:11)
  A redback zombie (D:11)
  6 trolls
  2 jumping spiders (Lair:3)
  5 polar bears (Lair:2)
  A meliai (shapeshifter) (D:12)
  2 hornets
  2 tyrant leeches (Swamp:1)
  A harpy zombie (D:11)
  A fire dragon zombie (D:12)
  2 harpy skeletons (D:11)
  7 blink frogs
  A wolf spider simulacrum (Gauntlet)
  6 hippogriffs
  10 slime creatures
  A bog body (Swamp:2)
  7 dream sheep (Lair:3)
  A meliai zombie (D:9)
  A centaur simulacrum (Gauntlet)
  2 spriggans
  An ice dragon skeleton (D:12)
  A vampire (D:10)
  3 redbacks
  18 yaks
  Eustachio (D:6)
  22 humans (D:11)
  4 wyverns
  A steam dragon (Lair:2)
  A basilisk (D:11)
  12 vampire mosquitoes
  A hungry ghost (D:11)
  Menkaure (D:6)
  3 wargs
  5 swamp worms (Swamp:1)
  11 water moccasins
  A soldier ant (D:9)
  10 crocodiles
  3 porcupines
  3 swamp drakes
  2 ice beasts
  16 orc warriors
  3 sky beasts
  Purgy (Sewer)
  3 slaves (D:7)
  3 black bears
  3 necrophages
  3 phantoms
  6 wolves (Gauntlet)
  3 boggarts (Swamp:2)
  9 ogres
  7 centaurs
  10 bullfrogs
  2 big kobolds
  A yaktaur skeleton (D:12)
  2 scorpions
  8 killer bees
  6 electric eels (D:12)
  7 wights
  The ghost of dscm the Sneak, a weakling KoAc (D:3)
  7 crimson imps
  A wyvern simulacrum (Gauntlet)
  3 bullfrog zombies
  2 quasits
  5 hounds
  3 centaur skeletons
  10 orc priests
  A jelly (D:8)
  3 bullfrog skeletons (D:4)
  A gnoll shaman (D:5)
  2 iguanas (Lair:2)
  19 orc wizards
  13 worker ants
  13 adders
  4 shadow imps
  An ooze (D:5)
  3 adder skeletons
  5 worms
  7 dart slugs
  4 leopard geckos
  66 orcs
  8 bats
  6 giant cockroaches
  10 goblins
  9 hobgoblins
  14 jackals
  19 kobolds
  6 quokkas
  3 ball pythons
  7 frilled lizards
  A jackal skeleton (D:4)
  2 leopard gecko skeletons
  3 rats
  A plant (Lair:3)
605 creatures vanquished.

Vanquished Creatures (others)
  A cane toad (Swamp:2)
  2 fungi
  16 plants
  3 withered plants (D:12)
22 creatures vanquished.

Grand Total: 627 creatures vanquished

Notes
Turn   | Place    | Note
-------+----------+-------------------------------------------
     0 | D:1      | pasperui the Gnoll Reaver began the quest for the Orb.
     0 | D:1      | Reached XP level 1. HP: 23/23 MP: 6/6
    37 | D:1      | Reached XP level 2. HP: 22/29 MP: 7/7
   318 | D:1      | Reached XP level 3. HP: 35/35 MP: 9/9
   425 | D:1      | Reached skill level 5 in Spellcasting
   583 | D:1      | Reached * piety under Vehumet
   583 | D:1      | Offered knowledge of Sandblast by Vehumet.
   589 | D:1      | Learned a level 1 spell: Sandblast
   946 | D:2      | Reached skill level 1 in Invocations
  1058 | D:2      | Reached skill level 1 in Short Blades
  1058 | D:2      | Reached skill level 1 in Axes
  1058 | D:2      | Reached skill level 1 in Maces & Flails
  1058 | D:2      | Reached skill level 1 in Polearms
  1058 | D:2      | Reached skill level 1 in Staves
  1058 | D:2      | Reached skill level 1 in Slings
  1058 | D:2      | Reached skill level 1 in Bows
  1058 | D:2      | Reached skill level 1 in Crossbows
  1058 | D:2      | Reached skill level 1 in Throwing
  1058 | D:2      | Reached skill level 1 in Armour
  1058 | D:2      | Reached skill level 1 in Stealth
  1058 | D:2      | Reached skill level 1 in Shields
  1058 | D:2      | Reached skill level 1 in Unarmed Combat
  1058 | D:2      | Reached skill level 1 in Evocations
  1139 | D:2      | Reached XP level 4. HP: 37/41 MP: 11/11
  1329 | D:2      | Reached skill level 1 in Conjurations
  1329 | D:2      | Reached skill level 1 in Hexes
  1329 | D:2      | Reached skill level 1 in Charms
  1329 | D:2      | Reached skill level 1 in Summonings
  1329 | D:2      | Reached skill level 1 in Necromancy
  1329 | D:2      | Reached skill level 1 in Translocations
  1329 | D:2      | Reached skill level 1 in Transmutations
  1329 | D:2      | Reached skill level 1 in Fire Magic
  1329 | D:2      | Reached skill level 1 in Ice Magic
  1329 | D:2      | Reached skill level 1 in Air Magic
  1329 | D:2      | Reached skill level 1 in Earth Magic
  1329 | D:2      | Reached skill level 1 in Poison Magic
  1678 | D:3      | Reached XP level 5. HP: 11/47 MP: 12/12
  1681 | D:3      | HP: 2/47 [poisoned by an adder]
  1686 | D:3      | Reached ** piety under Vehumet
  1686 | D:3      | Offered knowledge of Flame Tongue by Vehumet.
  1688 | D:3      | HP: 3/70 [poisoned by an adder]
  1693 | D:3      | Learned a level 1 spell: Flame Tongue
  1693 | D:3      | HP: 2/70 [poisoned by an adder]
  1699 | D:3      | HP: 2/70 [poisoned by an adder]
  1705 | D:3      | HP: 2/70 [poisoned by an adder]
  1711 | D:3      | HP: 2/70 [poisoned by an adder]
  2195 | D:3      | Found a glowing drain.
  2204 | Sewer    | Entered a sewer
  2317 | Sewer    | Noticed Purgy
  2324 | Sewer    | Killed Purgy
  2324 | Sewer    | Reached XP level 6. HP: 45/53 MP: 9/13
  2442 | D:3      | Found a transporter.
  2444 | D:3      | Noticed dscm's ghost (weakling KoAc)
  2446 | D:3      | Identified the +8 dire flail of Ziry {venom, +Inv}
  2449 | D:3      | Found a transporter.
  2543 | D:3      | Killed dscm's ghost
  2543 | D:3      | Reached XP level 7. HP: 33/59 MP: 8/15
  2735 | D:3      | Offered knowledge of Inner Flame by Vehumet.
  2945 | D:4      | Found Keum Pui's Magic Scroll Shop.
  2953 | D:4      | Bought a scroll of teleportation for 39 gold pieces
  3012 | D:4      | Found a staircase to the Ecumenical Temple.
  3152 | D:4      | Reached *** piety under Vehumet
  3176 | D:4      | Found a blossoming altar of Fedhas.
  3366 | D:4      | Reached XP level 8. HP: 67/67 MP: 16/16
  3788 | D:4      | Offered knowledge of Yara's Violent Unravelling by Vehumet.
  4240 | D:5      | Entered Level 5 of the Dungeon
  4437 | D:5      | Found Gipinaguru's Antique Weapon Shoppe.
  4689 | D:5      | Reached XP level 9. HP: 72/72 MP: 18/18
  4754 | D:5      | Got a dazzling leather armour
  4765 | D:5      | Identified the +1 leather armour of Eternal Night {*Drain
                  | +Fly Dex+3} (You found it on level 5 of the Dungeon)
  5003 | D:6      | Noticed Eustachio
  5009 | D:6      | Killed Eustachio
  5056 | D:6      | Noticed Menkaure
  5082 | D:6      | Killed Menkaure
  5141 | D:6      | Reached **** piety under Vehumet
  5205 | D:6      | Found a basalt altar of Yredelemnul.
  5453 | D:6      | Found a sacrificial altar of Ru.
  5505 | D:6      | Found a stormy altar of Qazlal.
  5709 | D:6      | Found a corrupted altar of Lugonu.
  5816 | D:6      | Reached skill level 5 in Invocations
  5936 | D:7      | Got a scorched ring mail
  5946 | D:7      | Offered knowledge of Lee's Rapid Deconstruction by Vehumet.
  5972 | D:7      | Identified the +7 ring mail "Cirghoq" {rC- Str+4} (You
                  | found it on level 7 of the Dungeon)
  6045 | D:7      | Noticed Pikel
  6063 | D:7      | Killed Pikel
  6063 | D:7      | Reached XP level 10. HP: 75/80 MP: 18/20
  6106 | D:7      | Reached skill level 5 in Short Blades
  6106 | D:7      | Reached skill level 5 in Axes
  6106 | D:7      | Reached skill level 5 in Maces & Flails
  6106 | D:7      | Reached skill level 5 in Polearms
  6106 | D:7      | Reached skill level 5 in Staves
  6106 | D:7      | Reached skill level 5 in Slings
  6106 | D:7      | Reached skill level 5 in Bows
  6106 | D:7      | Reached skill level 5 in Crossbows
  6106 | D:7      | Reached skill level 5 in Throwing
  6106 | D:7      | Reached skill level 5 in Armour
  6106 | D:7      | Reached skill level 5 in Stealth
  6106 | D:7      | Reached skill level 5 in Shields
  6106 | D:7      | Reached skill level 5 in Unarmed Combat
  6106 | D:7      | Reached skill level 5 in Evocations
  6702 | D:8      | Found a staircase to the Lair.
  6702 | D:8      | Noticed a death yak
  6704 | D:8      | Noticed a death yak
  6705 | D:8      | Noticed a death yak
  6705 | D:8      | Noticed a death yak
  6705 | D:8      | Noticed a death yak
  6719 | D:7      | Killed a death yak
  6851 | D:7      | Killed a death yak
  6858 | D:7      | Killed a death yak
  6942 | D:7      | Killed a death yak
  6942 | D:7      | Reached XP level 11. HP: 63/87 MP: 17/22
  7033 | D:8      | Killed a death yak
  7334 | D:8      | Reached skill level 5 in Conjurations
  7334 | D:8      | Reached skill level 5 in Hexes
  7334 | D:8      | Reached skill level 5 in Charms
  7334 | D:8      | Reached skill level 5 in Summonings
  7334 | D:8      | Reached skill level 5 in Necromancy
  7334 | D:8      | Reached skill level 5 in Translocations
  7334 | D:8      | Reached skill level 5 in Transmutations
  7334 | D:8      | Reached skill level 5 in Fire Magic
  7334 | D:8      | Reached skill level 5 in Ice Magic
  7334 | D:8      | Reached skill level 5 in Air Magic
  7334 | D:8      | Reached skill level 5 in Earth Magic
  7334 | D:8      | Reached skill level 5 in Poison Magic
  7363 | D:8      | Reached ***** piety under Vehumet
  7365 | D:8      | Offered knowledge of Fireball by Vehumet.
  7540 | D:8      | Found a shadowy altar of Dithmenos.
  8620 | D:9      | Got a bloodstained dagger
  8765 | D:10     | Entered Level 10 of the Dungeon
  8809 | D:10     | Identified a scroll of acquirement
  8895 | D:10     | Found Kucear's Book Boutique.
  8901 | D:10     | Bought a book of Power for 630 gold pieces
  9038 | D:10     | Found Pugraq's Magic Scroll Shoppe.
  9081 | D:10     | Learned a level 6 spell: Iron Shot
  9087 | D:10     | Identified the +6 dagger of Adghyuss {freeze, Dex+6} (You
                  | found it on level 9 of the Dungeon)
  9121 | D:10     | Found Bawonn's Weapon Boutique.
  9191 | D:10     | Noticed a centaur warrior
  9201 | D:10     | Killed a centaur warrior
  9250 | D:10     | Noticed a tengu warrior
  9264 | D:10     | Killed a tengu warrior
  9514 | D:10     | Reached XP level 12. HP: 96/96 MP: 24/24
  9527 | D:10     | Noticed a tengu warrior
  9549 | D:10     | Killed a tengu warrior
  9607 | D:10     | Found a staircase to the Orcish Mines.
  9607 | D:10     | Found Ceisaok's Jewellery Boutique.
  9815 | D:10     | Noticed a rakshasa
  9833 | D:10     | Killed a rakshasa
 10468 | D:11     | Found a gate to the Vaults.
 10468 | D:11     | Noticed a vault guard
 10496 | D:11     | Killed a vault guard
 10590 | D:11     | Found a frozen archway.
 10664 | D:11     | Reached skill level 10 in Fighting
 10664 | D:11     | Reached skill level 10 in Long Blades
 10664 | D:11     | Reached skill level 10 in Dodging
 10832 | D:11     | Noticed a death knight
 10849 | D:11     | HP: 1/97 [death knight/+2 glaive (7)]
 10853 | D:11     | Killed a death knight
 10855 | D:11     | HP: 2/97 [centaur warrior zombie (4)]
 11022 | D:11     | Noticed a centaur warrior
 11034 | D:11     | Killed a centaur warrior
 11034 | D:11     | Reached XP level 13. HP: 85/103 MP: 26/26
 11061 | D:11     | Gained mutation: Your muscles are strong. (Str +2) [potion
                  | of mutation]
 11061 | D:11     | Gained mutation: You are partially covered in large bone
                  | plates. (SH +4) [potion of mutation]
 11061 | D:11     | Gained mutation: Potions are less effective at restoring
                  | your health. [potion of mutation]
 11061 | D:11     | Gained mutation: Your flesh is cold resistant. (rC+)
                  | [potion of mutation]
 11502 | D:11     | Learned a level 3 spell: Regeneration
 11947 | Lair:1   | Entered Level 1 of the Lair of Beasts
 12156 | Lair:1   | Noticed Sonja
 12163 | Lair:1   | Killed Sonja
 12372 | Lair:1   | Noticed Gastronok
 12432 | Lair:1   | Killed Gastronok
 12911 | Lair:2   | HP: 5/104 [cane toad (19)]
 12916 | Lair:2   | HP: 3/156 [poisoned by a cane toad]
 12918 | Lair:2   | Succumbed to a cane toad's poison
 12919 | Lair:2   | Reached XP level 12. HP: 0/99 MP: 34/34
 13017 | Lair:2   | Reached skill level 10 in Spellcasting
 13017 | Lair:2   | Reached XP level 13. HP: 104/104 MP: 27/27
 13055 | Lair:2   | Offered knowledge of Ozocubu's Refrigeration by Vehumet.
 13081 | Lair:2   | Found a staircase to the Swamp.
 13763 | Lair:3   | Noticed Urug
 13781 | Lair:3   | Killed Urug
 14794 | Lair:3   | Found a hole to the Spider Nest.
 14841 | Spider:1 | Entered Level 1 of the Spider Nest
 15074 | Orc      | Entered the Orcish Mines
 15074 | Orc      | Found a radiant altar of Vehumet.
 15196 | Orc      | Found a staircase to the Elven Halls.
 15233 | Orc      | Noticed an orc warlord
 15300 | D:10     | Killed an orc warlord
 15300 | D:10     | Reached skill level 10 in Invocations
 15693 | Orc      | Lost mutation: Your muscles are strong. (Str +2) [potion of
                  | mutation]
 15693 | Orc      | Lost mutation: Your flesh is cold resistant. (rC+) [potion
                  | of mutation]
 15693 | Orc      | Gained mutation: Your flesh is cold resistant. (rC+)
                  | [potion of mutation]
 15693 | Orc      | Gained mutation: You are agile. (Dex +2) [potion of
                  | mutation]
 15693 | Orc      | Gained mutation: Your system is resistant to poisons.
                  | (rPois) [potion of mutation]
 15848 | Orc      | Reached ****** piety under Vehumet
 15856 | Orc      | Offered knowledge of Bolt of Magma by Vehumet.
 15913 | Orc      | Reached XP level 14. HP: 67/113 MP: 28/28
 16110 | Orc      | Paralysed by an orc sorcerer for 3 turns
 16505 | Orc      | Learned a level 3 spell: Vampiric Draining
 16510 | Orc      | Learned a level 4 spell: Animate Dead
 16531 | Orc      | Found Gaak's Gadget Shoppe.
 16613 | Orc      | Found Diphirav's Book Shoppe.
 16633 | Orc      | Found Baigrys's Magic Scroll Shop.
 16638 | Orc      | Found Cudicup's Distillery.
 16681 | Orc      | Bought a scroll of blinking for 127 gold pieces
 16814 | D:12     | Entered Level 12 of the Dungeon
 16817 | D:12     | Found a gate leading to a gauntlet.
 16826 | Gauntlet | Entered a Gauntlet
 16826 | Gauntlet | Found a transporter.
 16826 | Gauntlet | Found a transporter.
 16830 | Gauntlet | Found a transporter.
 16836 | Gauntlet | Found a transporter.
 16863 | Gauntlet | Found a transporter.
 16863 | Gauntlet | Found a transporter.
 16867 | Gauntlet | Found a transporter.
 16867 | Gauntlet | Found a transporter.
 16890 | Gauntlet | Found a transporter.
 16909 | Gauntlet | Found a transporter.
 16958 | Gauntlet | Got a steaming iron ring
 17091 | Gauntlet | Mangled by a centaur warrior simulacrum
 17092 | Gauntlet | Reached XP level 13. HP: -8/106 MP: 36/36
 17190 | Gauntlet | Noticed a minotaur
 17207 | Gauntlet | Killed a minotaur
 17231 | Gauntlet | Got a translucent falchion
 17232 | Gauntlet | Identified the +1 falchion "Gocoaj" {holy, rF+ Int+4} (You
                  | found it in a Gauntlet)
 17251 | Gauntlet | Identified the ring "Heipotar" {rC+ Dex+2} (You found it in
                  | a Gauntlet)
 17515 | D:12     | Found Qytra's General Store.
 17546 | D:12     | Found a shadowy altar of Dithmenos.
 18583 | D:12     | Bought a potion of might for 60 gold pieces
 18583 | D:12     | Bought a scroll of teleportation for 45 gold pieces
 18757 | D:12     | Found a staircase to the Depths.
 19329 | Swamp:1  | Entered Level 1 of the Swamp
 19389 | Swamp:1  | Offered knowledge of Conjure Ball Lightning by Vehumet.
 19405 | Swamp:1  | Learned a level 4 spell: Ice Form
 19408 | Swamp:1  | Learned a level 2 spell: Swiftness
 19559 | Swamp:1  | Reached XP level 14. HP: 104/113 MP: 28/28
 20963 | Swamp:2  | Reached skill level 10 in Short Blades
 20963 | Swamp:2  | Reached skill level 10 in Axes
 20963 | Swamp:2  | Reached skill level 10 in Maces & Flails
 20963 | Swamp:2  | Reached skill level 10 in Polearms
 20963 | Swamp:2  | Reached skill level 10 in Staves
 20963 | Swamp:2  | Reached skill level 10 in Slings
 20963 | Swamp:2  | Reached skill level 10 in Bows
 20963 | Swamp:2  | Reached skill level 10 in Crossbows
 20963 | Swamp:2  | Reached skill level 10 in Throwing
 20963 | Swamp:2  | Reached skill level 10 in Armour
 20963 | Swamp:2  | Reached skill level 10 in Stealth
 20963 | Swamp:2  | Reached skill level 10 in Shields
 20963 | Swamp:2  | Reached skill level 10 in Unarmed Combat
 20963 | Swamp:2  | Reached skill level 10 in Evocations
 21354 | Swamp:2  | Mangled by a cane toad

Skill      XL: |  1  2  3  4  5  6  7  8  9 10 11 12 13 14 |
---------------+-------------------------------------------+-----
Spellcasting   | 5 6 7 8 10 11 | 11.1
Invocations    | 1 2 3 4 5 6 7 8 10 | 10.8
Short Blades   | 1 2 3 4 5 6 7 9 10 | 10.0
Axes           | 1 2 3 4 5 6 7 9 10 | 10.0
Maces & Flails | 1 2 3 4 5 6 7 9 10 | 10.0
Polearms       | 1 2 3 4 5 6 7 9 10 | 10.0
Staves         | 1 2 3 4 5 6 7 9 10 | 10.0
Slings         | 1 2 3 4 5 6 7 9 10 | 10.0
Bows           | 1 2 3 4 5 6 7 9 10 | 10.0
Crossbows      | 1 2 3 4 5 6 7 9 10 | 10.0
Throwing       | 1 2 3 4 5 6 7 9 10 | 10.0
Armour         | 1 2 3 4 5 6 7 9 10 | 10.0
Stealth        | 1 2 3 4 5 6 7 9 10 | 10.0
Shields        | 1 2 3 4 5 6 7 9 10 | 10.0
Unarmed Combat | 1 2 3 4 5 6 7 9 10 | 10.0
Evocations     | 1 2 3 4 5 6 7 9 10 | 10.0
Conjurations   | 1 2 3 4 5 6 8 |  8.4
Hexes          | 1 2 3 4 5 6 8 |  8.4
Charms         | 1 2 3 4 5 6 8 |  8.4
Summonings     | 1 2 3 4 5 6 8 |  8.4
Necromancy     | 1 2 3 4 5 6 8 |  8.4
Translocations | 1 2 3 4 5 6 8 |  8.4
Transmutations | 1 2 3 4 5 6 8 |  8.4
Fire Magic     | 1 2 3 4 5 6 8 |  8.4
Ice Magic      | 1 2 3 4 5 6 8 |  8.4
Air Magic      | 1 2 3 4 5 6 8 |  8.4
Earth Magic    | 1 2 3 4 5 6 8 |  8.4
Poison Magic   | 1 2 3 4 5 6 8 |  8.4
Fighting       | 7 8 9 10 11 | 11.7
Long Blades    | 7 8 9 10 11 | 11.7
Dodging        | 7 8 9 10 11 | 11.7

Action                   |  1- 3 |  4- 6 |  7- 9 | 10-12 | 13-15 || total
-------------------------+-------+-------+-------+-------+-------++-------
Melee: Long sword        |   124 |   130 |       |       |       ||   254
       Bite              |     3 |     6 |    32 |    81 |   157 ||   279
       Punch             |       |     1 |       |       |     1 ||     2
       Dire flail        |       |     4 |   269 |   594 |   970 ||  1837
       Staff             |       |       |       |       |    29 ||    29
 Fire: Arbalest          |       |       |       |     3 |       ||     3
Throw: Stone             |       |     1 |       |       |     1 ||     2
       Javelin           |       |       |       |       |     8 ||     8
 Cast: Flame Tongue      |       |    17 |    14 |     5 |    82 ||   118
       Sandblast         |       |     6 |     3 |    19 |    11 ||    39
       Iron Shot         |       |       |       |       |    29 ||    29
       Regeneration      |       |       |       |       |     6 ||     6
       Animate Dead      |       |       |       |       |     1 ||     1
 Abil: Evoke Berserk Rag |       |       |       |       |     2 ||     2
  Use: Potion            |       |     7 |       |     4 |     6 ||    17
       Scroll            |       |     2 |     1 |    12 |    11 ||    26
 Stab: Sleeping          |     2 |     1 |    15 |    17 |     8 ||    43
       Distracted        |       |       |       |       |     4 ||     4
       Confused          |       |       |       |       |     1 ||     1
  Eat: Chunk             |     1 |     4 |    12 |     5 |    22 ||    44
       Ration            |       |       |       |     3 |     5 ||     8
Armor: Steam dragon scal |    55 |    43 |    28 |    10 |    40 ||   176
       Skin              |       |     8 |       |       |       ||     8
       Leather armour    |       |       |    15 |       |       ||    15
       Ring mail         |       |       |    11 |   171 |   305 ||   487
       Plate armour      |       |       |       |       |    21 ||    21
Dodge: Dodged            |   143 |   140 |   179 |   426 |   769 ||  1657
Block: Other             |     5 |     5 |       |    10 |   170 ||   190
